 Seeded DCSS version 0.29-a0-876-gfc89b1a5bd (webtiles) character file.

Game seed: 8897551386731462229 (custom seed)

194805 wilfster70 the Warrior (level 17, 0/142 (151) HPs)
             Began as a Minotaur Fighter on July 19, 2022.
             Was the Champion of Ru.
             Shot with an arrow by a satyr (22 damage)
             ... on level 4 of the Shoals.
             The game lasted 01:11:41 (29568 turns).

wilfster70 the Warrior (Minotaur Fighter)          Turns: 29568, Time: 01:11:41

HP:   0/142 (151)   AC: 34    Str: 23    XL:     17   Next: 11%
MP:   21/21         EV:  8    Int: 13    God:    Ru [******]
Gold: 2082          SH:  0    Dex: 12    Spells: 18/23 levels left

rFire   + + .      SeeInvis .   a - +9 quarterstaff (vamp)
rCold   + + .      Faith    .   (shield currently unavailable)
rNeg    . . .      Spirit   .   T - +4 plate armour
rPois   .          Reflect  .   (helmet restricted)
rElec   .          Harm     .   K - +2 cloak
rCorr   .          Rampage  .   h - +2 pair of gloves
Will    ++...                   z - +3 pair of mountain boots {steadfast, rC+}
Stlth   ..........              L - amulet of regeneration
HPRegen 1.13/turn               g - ring of Dishonour {rF+ rC+}
MPRegen 0.17/turn               l - ring "Fufar" {Fly rF+ Int+4}

@: afraid, flying, slowed, studying 2 skills, drained, very slow
A: horns 2, frail 1, no stealth, inability to train dodging, no conjurations
magic, no poison magic, no transmutations magic, unskilled 1, inexperienced 1,
retaliatory headbutt, strong-willed 1, sense surroundings 1, no potion heal 1,
MP-powered wands
a: Renounce Religion, Draw Out Power, Power Leap, Apocalypse


You were on level 4 of the Shoals.
You worshipped Ru.
Ru was exalted by your worship.
You visited 4 branches of the dungeon, and saw 26 of its levels.
You also visited: Ossuary, Bailey and Ice Cave.

You collected 3624 gold pieces.
You spent 1542 gold pieces at shops.

Inventory:

Hand Weapons
 a - a +9 vampiric quarterstaff (weapon)
 b - the +6 lajatang "Qoneawn" {holy, Str+2}
   (You acquired it on level 8 of the Dungeon)

   It has been blessed by the Shining One to cause great damage to the undead
   and demons.
   Str:       It affects your strength (+2).
 k - the +8 sling of Risukash {freeze, Dex+2}
   (You found it in a bailey)

   Any ammunition fired from it freezes those it strikes, dealing additional
   cold damage.
   It can also slow down cold-blooded creatures.
   Dex:       It affects your dexterity (+2).
 m - the +6 trident of Oenomania {flame, rPois Str+5}
   (You found it on level 5 of the Lair of Beasts)

   It burns those it strikes, dealing additional fire damage.
   Str:       It affects your strength (+5).
   rPois:     It protects you from poison.
 R - the +3 shortbow "Leceg" {vorpal, +Blink rN+}
   (You found it on level 5 of the Lair of Beasts)

   Any ammunition fired from it inflicts extra damage upon your enemies.
   rN:        It protects you from negative energy.
   +Blink:    It lets you blink.
Missiles
 f - 4 javelins (quivered)
 N - 5 throwing nets
 S - 3 curare-tipped darts
Armour
 h - a +2 pair of gloves (worn)
 z - the +3 pair of mountain boots (worn) {steadfast, rC+}
   (You acquired it on level 1 of the Lair of Beasts)

   It prevents involuntary movement, except for blinking, teleportation, or
   banishment.
   rC:        It protects you from cold.
 K - a +2 cloak (worn)
 T - a +4 plate armour (worn)
Jewellery
 g - the ring of Dishonour (left hand) {rF+ rC+}
   (You acquired it on level 1 of the Dungeon)

   [ring of protection from cold]

   rF:        It protects you from fire.
   rC:        It protects you from cold.
 l - the ring "Fufar" (right hand) {Fly rF+ Int+4}
   (You bought it in a shop on level 10 of the Dungeon)

   [ring of protection from fire]

   Int:       It affects your intelligence (+4).
   rF:        It protects you from fire.
   Fly:       It grants you flight.
 p - a ring of see invisible
 L - an amulet of regeneration (around neck)
Wands
 i - a wand of mindburst (36)
 w - a wand of charming (22)
 x - a wand of roots (18)
 A - a wand of light (13)
 G - a wand of digging (23)
 U - a wand of polymorph (3)
Scrolls
 c - 7 scrolls of blinking
 j - 4 scrolls of immolation
 r - 6 scrolls of identify
 s - 20 scrolls of teleportation
 v - 6 scrolls of fog
 y - 2 scrolls of silence
 I - 8 scrolls of fear
 J - 4 scrolls of magic mapping
Potions
 d - 6 potions of might
 e - 20 potions of curing
 o - 4 potions of mutation
 q - 5 potions of haste
 t - 3 potions of magic
 u - 5 potions of flight
 B - 7 potions of resistance
 D - 3 potions of invisibility
 E - 3 potions of brilliance
 F - 7 potions of heal wounds
 H - 6 potions of lignification
 O - 4 potions of cancellation
 Q - 2 potions of ambrosia
Miscellaneous
 n - a phantom mirror


   Skills:
 - Level 19.4 Fighting
 - Level 2.1(9.3) Polearms
 - Level 13.9(14.0) Staves
 - Level 10.0 Ranged Weapons
 - Level 7.4 Throwing
 - Level 18.0 Armour
 - Level 3.2 Shields
 + Level 3.8 Spellcasting
 + Level 4.1 Necromancy
 + Level 4.5 Earth Magic
 - Level 11.4 Evocations


You had 18 spell levels left.
You knew the following spells:

 Your Spells              Type           Power      Damage    Failure   Level
a - Borgnjor's Vile Clut  Necr/Erth      6%         N/A       100%        5

Your spell library contained the following spells:

 Spells                   Type           Power      Damage    Failure   Level
 Necrotise                Necr           52%        1d6       26%         1
 Apportation              Tloc           4%         N/A       82%         1
 Summon Small Mammal      Summ           8%         N/A       82%         1
 Blink                    Tloc           4%         N/A       91%         2
 Ensorcelled Hibernation  Hex/Ice        4%         N/A       91%         2
 Gell's Gravitas          Tloc           2%         N/A       99%         3
 Inner Flame              Hex/Fire       2%         N/A       99%         3
 Lesser Beckoning         Tloc           2%         N/A       99%         3
 Swiftness                Air            2%         N/A       99%         3
 Teleport Other           Tloc           2%         N/A       99%         3
 Passage of Golubria      Tloc           2%         N/A       100%        4
 Summon Ice Beast         Ice/Summ       2%         N/A       100%        4
 Manifold Assault         Tloc           2%         N/A       100%        5
 Silence                  Hex/Air        1%         N/A       100%        5
 Summon Mana Viper        Hex/Summ       2%         N/A       100%        5
 Dispersal                Tloc           1%         N/A       100%        6
 Simulacrum               Ice/Necr       3%         N/A       100%        6
 Monstrous Menagerie      Summ           1%         N/A       100%        7
 Polar Vortex             Ice            1%         N/A       100%        9
 Passwall                 Tmut/Erth      Unusable   N/A       N/A         2
 Foxfire                  Conj/Fire      Unusable   2x1d4     N/A         1
 Conjure Flame            Conj/Fire      Unusable   6-21      N/A         3
 Flame Wave               Conj/Fire      Unusable   2d4       N/A         4
 Alistair's Intoxication  Tmut/Pois      Unusable   N/A       N/A         5
 Freezing Cloud           Conj/Ice/Air   Unusable   6-21      N/A         5
 Eringya's Noxious Bog    Tmut/Pois      Unusable   N/A       N/A         6
 Lehudib's Crystal Spear  Conj/Erth      Unusable   10d3      N/A         8

Dungeon Overview and Level Annotations

Branches:
Dungeon (15/15)            Temple (0/1) D:7            Lair (5/5) D:10
 Shoals (4/4) Lair:3       Spider (0/4) Lair:3        Slime (0/5) Lair:4
    Orc (2/2) D:12            Elf (0/3) Orc:2        Vaults (0/5) D:13
 Depths (0/4) D:15        Ossuary (visited)          Bailey (visited)
  IceCv (visited)

Altars:
Cheibriados
Fedhas
Gozag
Hepliaklqana
Kikubaaqudgha
Makhleb
Ru
Trog
Vehumet
Xom
Yredelemnul
The Shining One
Jiyva

Shops:
D:10 =   Orc:2 (:[***   Shoals:2 !::

Annotations:
D:4 2 transporters, Protee's ghost, amateur VSEn
D:12 1 runed translucent door


Innate Abilities, Weirdness & Mutations

You have a pair of horns on your head.
You are frail. (-10% HP)
You cannot be stealthy.
You cannot train Dodging skill.
You cannot study or cast Conjurations magic.
You cannot study or cast Poison magic.
You cannot study or cast Transmutations magic.
You are somewhat unskilled. (-1 Apt)
You are somewhat inexperienced. (-1 XL)
You reflexively headbutt those who attack you in melee.
You are strong-willed. (Will+)
You passively map a small area around you.
Potions are less effective at restoring your health.
You expend magic power (3 MP) to strengthen your wands.


Message History

You easily resist.
The satyr shoots an arrow.
The arrow hits you!
You redirect the satyr's attack!
The satyr shoots an arrow.
The arrow hits the sphinx!
The sphinx dies!
The satyr shoots an arrow.
The arrow hits you!
You focus your inner power and blind the satyr in retribution!
The satyr shoots an arrow.
The arrow hits you!
You can move again.
You attempt to attack the satyr, but flinch away in fear!
The satyr shoots an arrow.
The arrow hits you!!
* * * LOW HITPOINT WARNING * * *
You sock the satyr! Your headbutt misses the satyr.
The satyr is moderately wounded.
The satyr plays a rousing melody on his pipes!
The satyr goes into a battle-frenzy!
The satyr shoots an arrow.
The arrow hits you!
* * * LOW HITPOINT WARNING * * *
You hit the satyr. You headbutt the satyr.
The satyr is moderately wounded.
The satyr shoots an arrow.
The arrow hits you!
* * * LOW HITPOINT WARNING * * *
Your system partially rejects the healing.
You feel much better.
The satyr shoots an arrow.
The arrow hits you but does no damage.
The satyr shoots an arrow.
The arrow hits you but does no damage.
The satyr shoots an arrow.
The arrow barely misses you.
You redirect the satyr's attack!
You sock the satyr!
The satyr is heavily wounded.
The satyr is stunned by your conviction and fails to attack.
The satyr unwields a +0 longbow.
The satyr wields a +0 club.
The satyr barely misses you.
The satyr shoots an arrow.
The arrow hits you.
* * * LOW HITPOINT WARNING * * *
The satyr begins to cast a spell, but is stunned by your conviction!
The satyr shoots an arrow.
The arrow hits you but does no damage.
The satyr shoots an arrow.
The arrow closely misses you.
There is a stone staircase leading up, spattered with blood here.
The satyr is no longer blind.
The satyr unwields a +0 club.
The satyr wields a +0 longbow.
The satyr shoots an arrow.
The arrow hits you!!
You die...

≈≈≈≈≈≈≈≈≈≈≈≈≈≈≈≈≈≈≈≈≈≈≈≈≈≈≈≈≈≈
≈≈≈≈≈≈≈≈≈≈≈≈≈≈≈≈≈≈≈≈≈≈≈≈≈≈≈≈≈≈≈
≈≈≈≈≈≈≈≈≈≈≈≈≈≈≈≈≈≈≈≈≈≈≈≈≈≈≈≈≈≈
≈≈≈≈≈≈≈≈≈≈≈≈≈≈≈≈≈≈≈≈≈≈≈≈≈≈≈≈≈≈
≈≈≈≈≈≈≈≈≈≈≈≈≈≈≈≈≈≈≈≈≈≈≈≈≈≈≈≈≈≈
≈≈≈≈≈≈≈≈≈≈[≈≈≈≈≈≈≈≈≈≈≈≈≈≈≈≈≈≈≈
≈≈≈≈≈≈≈≈.....[.........≈≈≈≈≈≈≈
≈≈≈≈≈≈≈<[...............≈≈≈≈≈≈
≈≈≈≈≈).P.##.....@)).##...≈≈≈≈≈
≈≈≈≈≈≈..(#....)......#...≈≈≈≈≈
≈≈≈≈≈≈........)cc.....÷..≈≈≈≈≈≈
≈≈≈≈≈≈≈.......).#....<..≈≈≈≈≈X≈
≈≈≈≈≈≈≈P.....#..##...)..≈≈≈≈≈≈≈
≈≈≈≈≈≈≈≈≈≈≈≈≈#...#≈≈!≈≈H≈≈≈≈≈≈≈
≈≈≈≈≈≈#.#.#''#..≈.().#()#≈≈≈≈≈≈
≈
≈≈≈≈≈.##..#..#...#[))#!##.≈≈≈≈≈
≈
≈≈≈≈.#........#.##....[)≈##≈≈≈
≈≈


You could see a minotaur (wandering) and 2 satyrs.

Vanquished Creatures
  Nikola (Shoals:1)
  3 krakens
  The ghost of Xeucuol the Impaler, an adept MiFi of Jiyva (Shoals:1)
  Polyphemus (Shoals:3)
  Kirke (Lair:5)
  4 frost giants (IceCv)
  An orc warlord (Orc:1)
  A stone giant (D:15)
  A dire elephant (Lair:5)
  A white draconian (IceCv)
  Nessos (Lair:3)
  2 minotaurs (Shoals:4)
  6 merfolk impalers
  An ettin (Orc:2)
  Snorg (D:10)
  11 ice dragons (IceCv)
  2 hydras
  Fannar (D:10)
  Harold (D:10)
  2 merfolk avatars
  2 boulder beetles
  11 ironbound frosthearts (IceCv)
  A death knight (D:14)
  5 centaur warriors
  2 dancing weapons (D:13)
  6 satyrs
  6 tengu warriors
  5 two-headed ogres
  A catoblepas (Shoals:3)
  5 orc high priests
  4 death yaks (Shoals:3)
  2 merfolk aquamancers
  A skeletal warrior (D:9)
  11 sea snakes
  Amaemon (D:8)
  A flayed ghost (D:12)
  A spriggan simulacrum (D:14)
  An orange crystal statue (IceCv)
  A wizard (D:15)
  5 orc knights
  Pikel (D:5)
  4 deep elf pyromancers
  4 orc sorcerers (Orc:2)
  22 harpies
  A mana viper (shapeshifter) (D:12)
  14 ugly things
  8 cyclopes
  11 fauns
  10 manticores
  The ghost of Protee the Reanimator, a novice VSNe (D:7)
  5 merfolk sirens
  5 black mambas
  8 elephants
  4 water nymphs
  3 unseen horrors
  2 gargoyles
  7 cane toads
  An orange demon (D:8)
  2 freezing wraiths (D:14)
  18 rime drakes
  A yaktaur (D:15)
  15 komodo dragons
  4 kobold demonologists
  4 entropy weaver simulacra (D:14)
  A tengu conjurer (D:15)
  24 merfolk
  5 trolls
  A troll (shapeshifter) (D:15)
  24 polar bears
  9 wind drakes
  3 hornets
  9 snapping turtles
  A wolf spider simulacrum (D:15)
  4 slime creatures (D:12)
  7 dream sheep
  4 blink frogs
  8 wraiths
  A vampire (D:9)
  20 water elementals
  6 wyverns
  7 basilisks
  53 yaks
  5 steam dragons
  Menkaure (D:7)
  A harpy simulacrum (D:14)
  An acid dragon (D:10)
  2 wargs
  15 water moccasins
  51 orc warriors
  A sky beast (D:7)
  3 black bears
  2 alligator simulacra (D:14)
  9 ogres
  3 ice beasts (D:6)
  24 wolves
  5 boggarts (D:14)
  A phantom (D:6)
  9 centaurs
  3 lemures (D:4)
  An elf zombie (Ossuary)
  Blork the orc (D:5)
  5 kobold brigands
  12 bullfrogs
  A gnoll sergeant (D:9)
  2 scorpions
  A necrophage (D:7)
  5 wights (D:7)
  8 killer bees
  6 electric eels
  2 howler monkeys (D:10)
  3 centaur zombies (Ossuary)
  25 orc priests
  3 hounds
  Crazy Yiuf (D:6)
  A gnoll bouda (D:9)
  2 human zombies (Ossuary)
  2 iguanas
  27 orc wizards
  2 killer bee zombies (D:7)
  A sky beast zombie (Ossuary)
  2 mummies (Ossuary)
  12 adders
  34 gnolls
  A shadow imp (D:7)
  2 white imps (D:5)
  An adder zombie (Ossuary)
  3 worms
  2 dart slugs
  113 orcs
  4 bats
  10 endoplasms
  4 giant cockroaches
  7 goblins
  11 hobgoblins
  4 jackals (D:1)
  29 kobolds
  8 ball pythons
  7 frilled lizards
  3 goblin zombies (Ossuary)
  7 hobgoblin zombies (Ossuary)
  8 kobold zombies (Ossuary)
  12 orc zombies (Ossuary)
  A rat (D:3)
  A rat zombie (Ossuary)
  6 tentacles (Shoals:4)
996 creatures vanquished.

Vanquished Creatures (others)
  A sphinx (Shoals:4)
  A merfolk impaler (Shoals:4)
  A hydra (D:15)
  A satyr (Shoals:4)
  A snapping turtle (Shoals:2)
  A vampire (D:12)
  An orc warrior (Orc:2)
  A wolf (Lair:3)
  2 orc wizards
  2 orcs (Orc:2)
  49 fungi
  195 plants
  17 tentacles
273 creatures vanquished.

Grand Total: 1269 creatures vanquished

Notes
Turn   | Place    | Note
-------+----------+-------------------------------------------
     0 | D:1      | wilfster70 the Minotaur Fighter began the quest for the
                  | Orb.
     0 | D:1      | Reached XP level 1. HP: 19/19 MP: 0/0
    55 | D:1      | Reached skill level 1 in Staves
   109 | D:1      | Reached XP level 2. HP: 22/27 MP: 1/1
   191 | D:1      | Reached skill level 4 in Fighting
   212 | D:1      | Identified a scroll of acquirement
   212 | D:1      | Acquired the ring of Dishonour {rF+ rC+}
   432 | D:1      | Acquired the +2 pair of boots of Light {+Blink}
   846 | D:2      | Reached XP level 3. HP: 33/33 MP: 2/2
   860 | D:2      | Found a faded altar of an unknown god.
  1437 | D:2      | Reached XP level 4. HP: 41/41 MP: 3/3
  1772 | D:3      | Reached skill level 5 in Fighting
  1772 | D:3      | Reached XP level 5. HP: 48/48 MP: 4/4
  2016 | D:3      | Reached skill level 5 in Staves
  2029 | D:3      | Found a bloodstained altar of Trog.
  2357 | D:3      | Reached XP level 6. HP: 56/56 MP: 5/5
  2369 | D:3      | Found a shimmering altar of Xom.
  2741 | D:4      | Found a burning altar of Makhleb.
  2992 | D:4      | Found a hazy altar of Hepliaklqana.
  3029 | D:4      | Found a transporter.
  3033 | D:4      | Noticed Protee's ghost (amateur VSEn)
  3034 | D:4      | Found a transporter.
  3079 | D:4      | Found an ancient bone altar of Kikubaaqudgha.
  3190 | D:4      | Found an opulent altar of Gozag.
  3351 | D:4      | Found a blossoming altar of Fedhas.
  3351 | D:4      | Found a snail-covered altar of Cheibriados.
  3551 | D:5      | Entered Level 5 of the Dungeon
  3576 | D:4      | Reached skill level 6 in Fighting
  3671 | D:5      | Reached XP level 7. HP: 63/63 MP: 6/6
  3727 | D:5      | Noticed Blork the orc
  3736 | D:5      | Killed Blork the orc
  3907 | D:5      | Noticed Pikel
  4270 | D:5      | Killed Pikel
  4271 | D:5      | Reached skill level 7 in Fighting
  4271 | D:5      | Reached XP level 8. HP: 41/74 MP: 7/7
  4734 | D:6      | Reached skill level 8 in Fighting
  4900 | D:5      | Reached skill level 10 in Staves
  5609 | D:6      | Found a runed translucent door.
  5610 | D:6      | Noticed Crazy Yiuf
  5616 | D:6      | Killed Crazy Yiuf
  5842 | D:6      | Found a sacrificial altar of Ru.
  5916 | D:6      | Became a worshipper of Ru the Awakened
  5922 | D:6      | Found a glowing golden altar of the Shining One.
  5975 | D:6      | Reached XP level 9. HP: 79/82 MP: 8/8
  6088 | D:6      | Reached skill level 9 in Fighting
  6419 | D:7      | Noticed Menkaure
  6427 | D:7      | Killed Menkaure
  6440 | D:7      | Found a sand-covered staircase.
  6448 | Ossuary  | Entered an ossuary
  6922 | D:7      | Found a staircase to the Ecumenical Temple.
  7017 | D:7      | Reached skill level 10 in Fighting
  7187 | D:7      | Found a runed translucent gate.
  7187 | D:7      | Found a runed translucent gate.
  7187 | D:7      | Found a runed translucent gate.
  7187 | D:7      | Noticed Protee's ghost (novice VSNe)
  7189 | D:7      | Found a basalt altar of Yredelemnul.
  7203 | D:7      | Killed Protee's ghost
  7211 | D:7      | Gained mutation: You cannot train Dodging skill. [Ru
                  | sacrifice]
  7211 | D:7      | Reached * piety under Ru
  7546 | D:8      | Found a flagged portal.
  7556 | D:8      | Noticed Amaemon
  7569 | D:8      | Noticed an orange demon
  7582 | D:8      | Killed an orange demon
  7583 | D:8      | Reached XP level 10. HP: 94/94 MP: 9/9
  7607 | D:8      | Killed Amaemon
  7608 | D:8      | Reached skill level 11 in Fighting
  7616 | Bailey   | Entered a bailey
  7772 | Bailey   | Reached skill level 1 in Throwing
  7885 | Bailey   | Noticed an orc high priest
  7902 | Bailey   | Killed an orc high priest
  7903 | Bailey   | Reached skill level 12 in Fighting
  7920 | Bailey   | Found an iron altar of Okawaru.
  7981 | Bailey   | Identified the +8 sling of Risukash {freeze, Dex+2}
  8250 | Bailey   | Reached skill level 5 in Throwing
  8262 | D:8      | Acquired a +2 lajatang of venom
  8265 | D:8      | Acquired the +6 lajatang "Qoneawn" {holy, Str+2}
  8267 | D:8      | Acquired a manual of Armour
  8315 | D:8      | Reached skill level 13 in Fighting
  8394 | D:8      | Noticed a two-headed ogre
  8402 | D:8      | Killed a two-headed ogre
  8403 | D:8      | Reached XP level 11. HP: 107/107 MP: 10/10
  9061 | D:9      | Noticed a two-headed ogre
  9064 | D:9      | Reached skill level 14 in Fighting
  9076 | D:9      | Killed a two-headed ogre
  9230 | D:9      | Noticed a skeletal warrior
  9248 | D:9      | Killed a skeletal warrior
  9249 | D:9      | Reached skill level 15 in Fighting
  9263 | D:9      | Found the +5 scythe "Finisher" {speed, eviscerate}
  9342 | D:9      | Gained mutation: You cannot study or cast Poison magic. [Ru
                  | sacrifice]
  9342 | D:9      | Gained mutation: You cannot study or cast Transmutations
                  | magic. [Ru sacrifice]
  9342 | D:9      | Gained mutation: You cannot study or cast Conjurations
                  | magic. [Ru sacrifice]
  9342 | D:9      | Reached ** piety under Ru
  9633 | D:10     | Entered Level 10 of the Dungeon
  9701 | D:10     | Found a radiant altar of Vehumet.
  9717 | D:10     | Identified the +1 leather armour of Parlour Games {rN+
                  | Int-5 Dex+3 Slay-5}
  9723 | D:10     | Noticed Fannar
  9732 | D:10     | Killed Fannar
  9733 | D:10     | Reached skill level 16 in Fighting
  9796 | D:10     | Found Dolleos's Jewellery Shoppe.
  9889 | D:10     | Reached skill level 1 in Evocations
  9985 | D:10     | Noticed Harold
  9993 | D:10     | Killed Harold
 10059 | D:10     | Found a staircase to the Lair.
 10069 | D:10     | Reached XP level 12. HP: 100/124 MP: 11/11
 10345 | D:10     | Noticed Snorg
 10354 | D:10     | Killed Snorg
 10559 | D:11     | Reached skill level 17 in Fighting
 10702 | D:11     | Noticed a two-headed ogre
 10708 | D:11     | Killed a two-headed ogre
 11016 | D:11     | Noticed a two-headed ogre
 11022 | D:11     | Killed a two-headed ogre
 11023 | D:11     | Reached skill level 5 in Evocations
 11311 | D:11     | Gained mutation: You cannot be stealthy. [Ru sacrifice]
 11311 | D:11     | Reached *** piety under Ru
 11393 | D:12     | Noticed a boulder beetle
 11458 | D:11     | Killed a boulder beetle
 11531 | D:12     | Reached skill level 18 in Fighting
 11756 | D:12     | Found a runed translucent door.
 11756 | D:12     | Noticed a tengu warrior
 11756 | D:12     | Noticed a boulder beetle
 11757 | D:12     | Noticed a two-headed ogre
 11757 | D:12     | Noticed a four-headed hydra
 11763 | D:12     | Killed a tengu warrior
 11764 | D:12     | Reached skill level 5 in Armour
 11778 | D:12     | Killed a boulder beetle
 11786 | D:12     | Found a runed translucent door.
 11850 | D:12     | Killed a four-headed hydra
 11857 | D:12     | Killed a two-headed ogre
 11887 | D:12     | Reached XP level 13. HP: 132/134 MP: 2/12
 11894 | D:12     | Noticed a stone giant
 11895 | D:12     | Noticed a storm dragon
 11895 | D:12     | Noticed a stone giant
 11897 | D:12     | Noticed a frost giant
 11998 | D:12     | Found a staircase to the Orcish Mines.
 12529 | Lair:1   | Entered Level 1 of the Lair of Beasts
 12547 | Lair:1   | Reached skill level 10 in Armour
 12636 | Lair:1   | Acquired the +3 pair of mountain boots {steadfast, rC+}
 12636 | Lair:1   | Found the +3 pair of mountain boots {steadfast, rC+}
 13574 | Lair:2   | Gained mutation: You are somewhat inexperienced. (-1 XL)
                  | [Ru sacrifice]
 13574 | Lair:2   | Reached XP level 12. HP: 127/127 MP: 11/11
 13574 | Lair:2   | Reached **** piety under Ru
 14307 | Lair:3   | Found a staircase to the Shoals.
 14612 | Lair:3   | Noticed Nessos
 14621 | Lair:3   | Killed Nessos
 14967 | Lair:3   | Found a hole to the Spider Nest.
 15007 | Lair:3   | Gained mutation: You are somewhat unskilled. (-1 Apt) [Ru
                  | sacrifice]
 15007 | Lair:3   | Reduced skill Fighting to level 16
 15007 | Lair:3   | Reduced skill Throwing to level 5
 15007 | Lair:3   | Reached ***** piety under Ru
 15577 | Lair:4   | Found a viscous altar of Jiyva.
 15577 | Lair:4   | Found a staircase to the Slime Pits.
 16072 | Lair:5   | Entered Level 5 of the Lair of Beasts
 16085 | Lair:5   | Noticed a dire elephant
 16106 | Lair:5   | Killed a dire elephant
 16144 | Lair:5   | Acquired a manual of Evocations
 16146 | Lair:5   | Acquired 772 gold pieces
 16203 | Lair:5   | Reached XP level 13. HP: 103/130 MP: 12/12
 16454 | Lair:5   | Identified the +3 shortbow "Leceg" {vorpal, +Blink rN+}
 16458 | Lair:5   | Identified the +6 trident of Oenomania {flame, rPois Str+5}
 16529 | Lair:5   | Reached skill level 10 in Evocations
 16816 | Lair:5   | Reached skill level 15 in Armour
 16984 | Lair:5   | Noticed Kirke
 17000 | Lair:5   | Killed Kirke
 17095 | Lair:5   | Gained mutation: You are frail. (-10% HP) [Ru sacrifice]
 17095 | Lair:5   | Reached ****** piety under Ru
 17160 | Lair:5   | Reached skill level 1 in Ranged Weapons
 17881 | Orc:1    | Entered Level 1 of the Orcish Mines
 18117 | Orc:2    | Entered Level 2 of the Orcish Mines
 18127 | Orc:2    | Found Saddam's General Store.
 18129 | Orc:2    | Found Dunkor's Specific Store.
 18241 | Orc:2    | Bought 3 scrolls of fog for 168 gold pieces
 18508 | Orc:2    | Found a staircase to the Elven Halls.
 18749 | Orc:2    | Reached skill level 5 in Ranged Weapons
 18784 | Orc:2    | Noticed an orc warlord
 18889 | Orc:1    | Killed an orc warlord
 19067 | Orc:2    | Gained mutation: Your spells are a little easier to cast,
                  | but a little less powerful. [a neqoxec]
 19214 | Orc:2    | Found Xitoazea's Antique Armour Shoppe.
 19215 | Orc:2    | Found Jecuguj's Antique Weapon Emporium.
 19217 | Orc:2    | Found Feew's General Store.
 19217 | Orc:2    | Found Joisch's Book Shoppe.
 19222 | Orc:2    | Bought a scroll of enchant weapon for 112 gold pieces
 19282 | Orc:2    | Bought a +3 plate armour for 560 gold pieces
 19684 | D:13     | Found a gate to the Vaults.
 20302 | D:14     | Reached XP level 14. HP: 103/124 MP: 13/13
 20497 | D:14     | Found a frozen archway.
 20539 | IceCv    | Entered an ice cave
 20596 | IceCv    | Reached skill level 10 in Ranged Weapons
 20768 | IceCv    | Reached skill level 17 in Fighting
 20915 | IceCv    | Reached XP level 15. HP: 123/123 MP: 14/14
 21726 | IceCv    | Reached skill level 18 in Fighting
 22594 | D:15     | Entered Level 15 of the Dungeon
 23118 | D:15     | Found a shimmering altar of Xom.
 23118 | D:15     | Found a shimmering altar of Xom.
 23119 | D:15     | Found a shimmering altar of Xom.
 23125 | D:15     | Found a shimmering altar of Xom.
 23125 | D:15     | Found a shimmering altar of Xom.
 23126 | D:15     | Found a shimmering altar of Xom.
 23192 | D:15     | Reached XP level 16. HP: 106/140 MP: 15/15
 23225 | D:15     | Found a staircase to the Depths.
 23869 | Shoals:1 | Entered Level 1 of the Shoals
 23869 | Shoals:1 | Found a large runed translucent door.
 23869 | Shoals:1 | Found a large runed translucent door.
 24015 | D:10     | Bought the ring "Fufar" {Fly rF+ Int+4} for 510 gold pieces
 24181 | Shoals:1 | Noticed Xeucuol's ghost (adept MiFi)
 24217 | Shoals:1 | Killed Xeucuol's ghost
 25023 | Shoals:1 | Noticed Nikola
 25043 | Shoals:1 | Killed Nikola
 25044 | Shoals:1 | Reached skill level 19 in Fighting
 25537 | Shoals:2 | Found Jaitama's Distillery.
 25569 | Shoals:2 | Bought a potion of might for 64 gold pieces
 25569 | Shoals:2 | Bought a potion of mutation for 128 gold pieces
 25569 | Shoals:2 | Lost mutation: Your spells are a little easier to cast, but
                  | a little less powerful. [potion of mutation]
 25569 | Shoals:2 | Gained mutation: Potions are less effective at restoring
                  | your health. [potion of mutation]
 25569 | Shoals:2 | Gained mutation: You are strong-willed. (Will+) [potion of
                  | mutation]
 25569 | Shoals:2 | Gained mutation: You passively map a small area around you.
                  | [potion of mutation]
 25569 | Shoals:2 | Gained mutation: You expend magic power (3 MP) to
                  | strengthen your wands. [potion of mutation]
 25744 | Shoals:2 | Noticed a kraken
 25765 | Shoals:2 | Killed a kraken
 25899 | Shoals:2 | Found Ytwufotz's Book Shop.
 26083 | Shoals:2 | Found Basethes's Book Shoppe.
 26168 | Shoals:2 | Learned a level 5 spell: Borgnjor's Vile Clutch
 26873 | Shoals:3 | Reached skill level 1 in Earth Magic
 26878 | Shoals:3 | Reached skill level 1 in Necromancy
 26921 | Shoals:3 | Reached skill level 1 in Spellcasting
 27007 | Shoals:3 | Noticed Polyphemus
 27055 | Shoals:3 | Killed Polyphemus
 27971 | Shoals:4 | Entered Level 4 of the Shoals
 28814 | Shoals:4 | Noticed a kraken
 28957 | Shoals:4 | Noticed a kraken
 29040 | Shoals:4 | Killed a kraken
 29423 | Shoals:4 | Reached XP level 17. HP: 116/130 MP: 12/21
 29556 | Shoals:4 | Paralysed by a sphinx for 4 turns
 29568 | Shoals:4 | Shot with an arrow by a satyr

Illustrated notes

Levels and vault maps discovered:
D:1:      lemuel_arrival_behind_the_door_large, layout_basic, minivault_24,
          dreamdust_wishing_well, moated_statue, minmay_hedge_maze
D:2:      layout_basic, dreamdust_ecumenical_altar_grove, eino_tiny_chamber,
          minmay_joined_circles
D:3:      layout_loops_ring, bloody_trog, mainiacjoe_overflow_tiny_flanked,
          minmay_fractal_squares_gapless_5
D:4:      layout_basic, bloody_makhleb, lemuel_crystal_altar,
          gammafunk_temple_overflow_pools, grunt_temple_overflow_open,
          gammafunk_ghost_mausoleum
D:5:      layout_cave_pools, minmay_misc_feat_x, uniq_blork_the_orc, uniq_pikel
D:6:      layout_basic, mainiacjoe_overflow_catch_the_wave,
          minmay_misc_feat_pillars, minivault_24, uniq_crazy_yiuf_cottage
D:7:      layout_rooms, nicolae_yredelemnul_ghost_church,
          minmay_temple_entry_ruins, chequers_ossuary_entry_cave,
          corexii_corridor_pit, uniq_menkaure
D:8:      layout_loops_cross, enter_bailey_5, uniq_amaemon
D:9:      layout_cave_pools, minmay_guarded_unrand_finisher
D:10:     layout_loops_ring, vehumet_crystals, erik_lair_dragon, serial_shops,
          shop, uniq_harold, uniq_snorg, uniq_fannar
D:11:     layout_loops_ring
D:12:     minmay_expanding_circles, layout_rooms, orc_0_dummy, chequers_garden
D:13:     layout_irregular_city, erik_vaults_1
D:14:     layout_roguey, portal_ice_cave_entry_ice_simulacra,
          kennysheep_pointless_box, solitary_fountain, drop_trap
D:15:     grunt_enter_depths_snipers, layout_basic, serial_bayou,
          serial_bayou_lagoon_a, serial_bayou_lagoon_b, serial_bayou_shore_a,
          serial_bayou_pond_b, nicolae_eternal_life, abandoned_shop,
          xom_shifter_show
Lair:1:   layout_small_grid
Lair:2:   layout_gridlike
Lair:3:   layout_loops_ring, minmay_shoals_entry_beasts, dummy_spider_entry,
          grunt_megastairs_2, uniq_nessos
Lair:4:   layout_regular_city, slime_entry_1, serial_forest,
          infiniplex_forest_end_1, infiniplex_forest_straight_3,
          infiniplex_forest_clump_small, infiniplex_forest_clump_double,
          infiniplex_forest_clump_diagonal, infiniplex_forest_corner_2,
          infiniplex_forest_lined_2, infiniplex_forest_lined_3,
          infiniplex_forest_end_1, lookout_lair_type
Lair:5:   gammafunk_lair_ancient_temple, layout_small_grid, uniq_kirke
Shoals:1: layout_shoals, ebering_ghost_disaster_area, uniq_nikola
Shoals:2: layout_shoals, serial_shops, nicolae_diamond_shop,
          nicolae_shop_advertising_works [nicolae_subvault_shop_adworks],
          nicolae_diamond_shop
Shoals:3: layout_shoals, nicolae_shoals_elemental_ambush, uniq_polyphemus
Shoals:4: shoals_end_hellmonk_lost_city
Orc:1:    layout_diamond_mine, uniq_jorgrun, uniq_urug, uniq_nergalle
Orc:2:    st_orc_congregation, layout_caves, nicolae_specific_store

Skill      XL: |  1  2  3  4  5  6  7  8  9 10 11 12 13 14 15 16 17 |
---------------+----------------------------------------------------+-----
Staves         | 1 2 3 4 5 7 9 11 13 13 | 13.9
Fighting       | 4 5 6 7 8 10 13 16 16 17 18 19 | 19.4
Throwing       | 5 6 5 7 |  7.4
Evocations     | 3 9 11 | 11.4
Armour         | 13 15 17 18 | 18.0
Ranged Weapons | 8 10 | 10.0
Earth Magic    | 4 |  4.5
Necromancy     | 3 4 |  4.1
Spellcasting   | 3 |  3.8
Polearms       | |  2.1
Shields        | |  3.2

Action                   |  1- 3 |  4- 6 |  7- 9 | 10-12 | 13-15 | 16-18 || total
-------------------------+-------+-------+-------+-------+-------+-------++-------
Melee: Trident           |    79 |   197 |   137 |       |       |       ||   413
       Headbutt          |    12 |    25 |    74 |   165 |   251 |   178 ||   705
       Punch             |       |       |     3 |       |       |       ||     3
       Quarterstaff      |       |       |   213 |   282 |    48 |   307 ||   850
       Lajatang          |       |       |       |   522 |  1137 |   324 ||  1983
 Fire: Shortbow          |       |       |       |       |       |   119 ||   119
Throw: Javelin           |       |       |       |       |       |     2 ||     2
Invok: Sacrifice Nimblen |       |       |     1 |       |       |       ||     1
       Sacrifice Arcana  |       |       |       |     1 |       |       ||     1
       Sacrifice Stealth |       |       |       |     1 |       |       ||     1
       Sacrifice Experie |       |       |       |     1 |       |       ||     1
       Sacrifice Skill   |       |       |       |     1 |       |       ||     1
       Draw Out Power    |       |       |       |       |     4 |     1 ||     5
       Sacrifice Health  |       |       |       |       |     1 |       ||     1
       Apocalypse        |       |       |       |       |     4 |     4 ||     8
       Power Leap        |       |       |       |       |       |     1 ||     1
Evoke: Wand              |       |       |       |     1 |     4 |     4 ||     9
  Use: Scroll            |     2 |     5 |     6 |    22 |    10 |     2 ||    47
       Potion            |       |       |       |       |     3 |     3 ||     6
 Stab: Invisible         |       |       |       |     1 |    11 |     9 ||    21
       Paralysed         |       |       |       |       |     6 |     9 ||    15
       Distracted        |       |       |       |       |     1 |     1 ||     2
Armor: Scale mail        |    10 |       |       |       |       |       ||    10
       Plate armour      |    32 |   170 |   257 |   516 |  1027 |   655 ||  2657
Dodge: Dodged            |    34 |   109 |   143 |   237 |   452 |   292 ||  1267
Block: Buckler           |     6 |       |       |       |       |       ||     6

Table legend: (Time is in decaauts)
 A = Elapsed time spent in this place.
 B = Non-inter-level travel time spent in this place.
 C = Inter-level travel time spent in this place.
 D = Time resting spent in this place.
 E = Time spent auto-exploring this place.
 F = Levels seen in this place.
 G = Mean time per level.
                   A        B        C        D        E       F      G
               +--------+--------+--------+--------+--------+-----+--------+
         Total |  28898 |  27160 |   1738 |   5063 |  12656 |  29 |  996.5 |
       Dungeon |  14599 |  13696 |    903 |   2084 |   7337 |  15 |  973.3 |
          Lair |   5353 |   4835 |    518 |    333 |   3196 |   5 | 1070.6 |
        Shoals |   5183 |   5042 |    141 |   1668 |   1443 |   4 | 1295.8 |
  Orcish Mines |   1622 |   1447 |    175 |    375 |    442 |   2 |  811.0 |
       Ossuary |    411 |    411 |      0 |    177 |     88 |   1 |  411.0 |
        Bailey |    571 |    571 |      0 |     88 |      0 |   1 |  571.0 |
      Ice Cave |   1156 |   1156 |      0 |    338 |    150 |   1 | 1156.0 |
               +--------+--------+--------+--------+--------+-----+--------+

Top non-repeatable levels by time:
Shoals:3: 2439 daAuts
  Lair:5: 1612 daAuts
     D:6: 1461 daAuts
    D:10: 1275 daAuts
Shoals:1: 1242 daAuts
     D:4: 1217 daAuts
   IceCv: 1156 daAuts
    D:14: 1150 daAuts
     D:3: 1150 daAuts
Shoals:2: 1140 daAuts
    D:15: 1079 daAuts
    D:12: 1070 daAuts
   Orc:2: 1063 daAuts
  Lair:2: 1003 daAuts
     D:5: 986 daAuts
